 Dungeon Crawl Stone Soup version 0.21.1-1-g345015fe64 (webtiles) character file.

51 Gargoyl the Skirmisher (level 3, -2/31 HPs)
             Began as a Centaur Abyssal Knight on May 22, 2018.
             Was a Follower of Lugonu.
             Slain by Natasha (6 damage)
             ... on level 2 of the Dungeon.
             The game lasted 00:02:28 (1284 turns).

Gargoyl the Skirmisher (Centaur Abyssal Knight)     Turns: 1284, Time: 00:02:28

Health: -2/31      AC:  8    Str: 11 (14) XL:     3   Next: 58%
Magic:  4/4        EV:  6    Int: 10 (11) God:    Lugonu [*.....]
Gold:   104        SH:  0    Dex:  9      Spells: 3/3 levels left

rFire    . . .     SeeInvis .   f - +3 great sword (protect)
rCold    . . .     Gourm    .   (shield currently unavailable)
rNeg     . . .     Faith    .   i - +0 scale mail
rPois    .         Spirit   .   (no helmet)
rElec    .         Reflect  .   (no cloak)
rCorr    .         Harm     .   j - +1 pair of gloves
MR       .....                  (no barding)
Stlth    ..........             (no amulet)
HPRegen  0.10/turn              (no ring)
MPRegen  0.09/turn              (no ring)

@: very quick
A: large, hooves 3, deformed body, speed 2, tough skin 3
a: Depart the Abyss, Renounce Religion


You were on level 2 of the Dungeon.
You worshipped Lugonu.
Lugonu was aware of your devotion.
You were not hungry.

You visited 1 branch of the dungeon, and saw 2 of its levels.
You visited the Abyss 1 time.

You collected 104 gold pieces.

Inventory:

Hand Weapons
 a - a +1 hand axe
 f - a +3 great sword of protection (weapon)
Armour
 i - a +0 scale mail (worn)
 j - a +1 pair of gloves (worn)
Scrolls
 d - a scroll of remove curse


   Skills:
 + Level 3.5 Fighting
 + Level 1.2 Long Blades
 + Level 1.8 Axes
 * Level 1.6 Armour
 + Level 0.7 Dodging
 * Level 0.9 Spellcasting
 + Level 2.1 Invocations


You had 3 spell levels left.
You didn't know any spells.

Dungeon Overview and Level Annotations

Branches:
Dungeon (2/15)

Altars:

Annotations:
D:2 Natasha


Innate Abilities, Weirdness & Mutations

You have hooves in place of feet.
Armour fits poorly on your strangely shaped body.
You cover ground very quickly.
You have extremely tough skin. (AC +3)


Message History

Natasha is heavily wounded.
Natasha claws you but does no damage. x2
You closely miss Natasha. Your kick misses Natasha.
Natasha is heavily wounded.
Natasha stares at you and mumbles some strange words.
The magic dart hits you! Natasha barely misses you.
You riposte.
You barely miss Natasha.
Natasha is heavily wounded.
Your scale mail prevents you from hitting Natasha.
You kick Natasha.
Natasha is heavily wounded.
Natasha claws you!
* * * LOW HITPOINT WARNING * * *
You closely miss Natasha. Your kick misses Natasha.
Natasha is heavily wounded.
Natasha claws you but does no damage. x2
Your scale mail prevents you from hitting Natasha.
Natasha is heavily wounded.
Natasha claws you.
You die...

### #.. ##.##
##...#######
#######...........
#.h...............
#@#####.....#.....
##.#.#.######.h......).
............†.......†...
##......)#..###.#.#.....
#..?....#..###.....#...
#......................
#.......#.......[..##.#
#.......##.###..#.###.#
#.......#... #.###.##.#


You could see Natasha.

Vanquished Creatures
  Natasha (D:2)
  2 dart slugs
  2 giant cockroaches (D:1)
  5 goblins (D:1)
  3 hobgoblins
  2 kobolds
  A bat (D:1)
  A frilled lizard (D:2)
  6 rats (D:1)
23 creatures vanquished.

Notes
Turn   | Place    | Note
-------+----------+-------------------------------------------
     0 | Abyss:1  | Gargoyl the Centaur Abyssal Knight began the quest for the Orb.
     0 | Abyss:1  | Reached XP level 1. HP: 19/19 MP: 2/2
    85 | Abyss:3  | Noticed an ancient zyme
   125 | Abyss:3  | Noticed an entropy weaver
   126 | Abyss:3  | Noticed a small abomination
   128 | D:1      | Escaped the Abyss
   551 | D:1      | Reached XP level 2. HP: 26/26 MP: 3/3
   722 | D:1      | Reached * piety under Lugonu
  1131 | D:2      | Noticed Natasha
  1139 | D:2      | Killed Natasha
  1139 | D:2      | Reached skill level 1 in Long Blades
  1139 | D:2      | Reached XP level 3. HP: 3/31 MP: 4/4
  1192 | D:2      | Noticed Natasha
  1284 | D:2      | Slain by Natasha

Skill      XL: |  1  2 |
---------------+-------+-----
Long Blades    | 1 |  1.2
Fighting       | |  3.5
Axes           | |  1.8
Armour         | |  1.6
Dodging        | |  0.7
Spellcasting   | |  0.9
Invocations    | |  2.1

Action                   || total
-------------------------++-------
Melee: Great sword       ||    61
       Kick              ||     5
Invok: Depart the Abyss  ||     1
  Use: Scroll            ||     5
       Potion            ||     3
  Eat: Ration            ||     1
Armor: Ring mail         ||    31
       Scale mail        ||    17
Dodge: Dodged            ||    39
       Rpst.: Great sword ||    10
